 Dungeon Crawl Stone Soup version 0.23.2-1-ga50397a (webtiles) character file.

Game seed: 161803622183806765

172 goulibeur the Distorting Demonspawn (level 5, -2/42 HPs)
             Began as a Demonspawn Abyssal Knight on May 19, 2019.
             Was a Believer of Lugonu.
             Slain by an orc wizard
             ... wielding a +0 dagger
              (3 damage)
             ... on level 4 of the Dungeon.
             The game lasted 00:22:46 (2090 turns).

goulibeur the Distorting Demonspawn (DsAK)          Turns: 2090, Time: 00:22:46

Health: -2/42      AC:  9    Str: 13    XL:     5   Next: 27%
Magic:  8/8        EV: 15    Int: 13    God:    Lugonu [**....]
Gold:   165        SH:  0    Dex: 18    Spells: 4/4 levels left

rFire    . . .     SeeInvis .   a - +2 short sword
rCold    . . .     Gourm    .   (no shield)
rNeg     . . .     Faith    .   m - +0 scale mail
rPois    .         Spirit   .   (helmet restricted)
rElec    .         Reflect  .   (no cloak)
rCorr    .         Harm     .   (no gloves)
MR       .....                  (no boots)
Stlth    +.........             (no amulet)
HPRegen  0.14/turn              (no ring)
MPRegen  0.11/turn              (no ring)

@: agile
A: antennae 1, thin metallic scales 2
a: Depart the Abyss, Bend Space, Renounce Religion


You were on level 4 of the Dungeon.
You worshipped Lugonu.
Lugonu was pleased with you.
You were not hungry.

You visited 1 branch of the dungeon, and saw 4 of its levels.
You visited the Abyss 1 time.

You collected 165 gold pieces.

Inventory:

Hand Weapons
 a - a +2 short sword (weapon)
 v - a +1 hand axe of pain
Armour
 e - a +0 shield
 h - a +1 helmet
 m - a +0 scale mail (worn)
Jewellery
 s - a +2 amulet of reflection
 t - a cursed ring of attention {unknown}
Wands
 l - a wand of flame (24)
Scrolls
 b - a scroll of immolation {unknown}
 d - a scroll of identify
 g - a scroll of enchant weapon
 k - a scroll of teleportation
 o - a scroll of remove curse
 q - a scroll of fear
Potions
 i - a potion of agility
 n - 3 potions of curing {unknown}
 p - a potion of mutation
 u - a potion of flight {unknown}
Comestibles
 c - 5 rations


   Skills:
 + Level 3.7 Fighting
 - Level 1.7 Short Blades
 + Level 2.7 Armour
 + Level 2.1 Dodging
 * Level 4.9 Invocations


You had 4 spell levels left.
You didn't know any spells.
Your spell library was empty.

Dungeon Overview and Level Annotations

Branches:
Dungeon (4/15)             Temple (0/1) D:4

Altars:
Dithmenos
Fedhas
Makhleb
Sif Muna
Trog

Shops:
D:4 %

Annotations:
D:3 3 runed translucent doors, Jaiteiro's ghost, amateur GrFi; night's ghost, amateur SpTm; shugdite's ghost, amateur MiMo


Innate Abilities, Weirdness & Mutations

You have a pair of small antennae on your head.
You are mostly covered in thin metallic scales. (AC +3)


Message History

The orc wizard hits you with a +0 dagger.
You hit the orc wizard.
The orc wizard is almost dead.
The orc wizard mumbles some strange words.
The orc wizard seems to speed up.
You completely miss the orc wizard.
The orc wizard is almost dead.
The orc wizard hits you but does no damage.
The orc priest mumbles some strange prayers to Beogh against you.
Beogh smites you!
* * * LOW HITPOINT WARNING * * *
You hit the orc wizard but do no damage.
The orc wizard is almost dead.
The orc wizard casts a spell at you. The magic dart hits you.
* * * LOW HITPOINT WARNING * * *
The orc priest calls upon Beogh to heal the orc wizard.
The orc wizard is healed somewhat.
The orc wizard hits you with a +0 dagger.
You die...

############).##..#
,,,,,,,,,* #..#*,,**
#*******,* #[.#*,,,*
*,* #..#**,,* *,* #..#
*,,** *,* #..# *,,,#
*,* #..# **,.# *,*
#..####o.####*** *,*
#....@oo.....,,* *,*
#.######..###*,* *,*
#..,,,,,,,...*,*
*,**###******,,*.*,*
*,,,,,,,,****,,,,,,*
******,,,,,,*,,,,∩,*
*,,*,,,,,,,,,,*
*********,,,,,,,,,*,*,*
*,,,,,,,,,*,*,,,,,*,*,*


You could see an orc priest, an orc wizard and an orc.

Vanquished Creatures
  A howler monkey (D:4)
  A worker ant (D:4)
  5 adders
  An ooze (D:1)
  An adder skeleton (D:4)
  A worm (D:2)
  3 orcs
  3 giant cockroaches
  4 goblins
  6 hobgoblins
  5 jackals (D:1)
  A quokka (D:3)
  2 ball pythons
  6 bats
  3 frilled lizards
  4 kobolds
  9 rats
56 creatures vanquished.

Vanquished Creatures (others)
  2 withered plants (D:3)
2 creatures vanquished.

Grand Total: 58 creatures vanquished

Notes
Turn   | Place    | Note
-------+----------+-------------------------------------------
     0 | Abyss:1  | goulibeur the Demonspawn Abyssal Knight began the quest for
                  | the Orb.
     0 | Abyss:1  | Reached XP level 1. HP: 18/18 MP: 2/2
    85 | Abyss:1  | Noticed a flayed ghost
    86 | D:1      | Escaped the Abyss
   165 | D:1      | Reached * piety under Lugonu
   165 | D:1      | Reached skill level 1 in Dodging
   173 | D:1      | Gained mutation: You are partially covered in thin metallic
                  | scales. (AC +2) [demonic ancestry]
   173 | D:1      | Reached XP level 2. HP: 20/24 MP: 4/4
   231 | D:1      | Reached skill level 3 in Invocations
   756 | D:2      | Gained mutation: You are mostly covered in thin metallic
                  | scales. (AC +3) [demonic ancestry]
   756 | D:2      | Reached XP level 3. HP: 24/29 MP: 5/5
   971 | D:2      | Found a shadowy altar of Dithmenos.
  1083 | D:2      | Found a deep blue altar of Sif Muna.
  1083 | D:2      | Found a burning altar of Makhleb.
  1084 | D:2      | Found a bloodstained altar of Trog.
  1334 | D:3      | Reached skill level 4 in Invocations
  1334 | D:3      | Reached XP level 4. HP: 33/35 MP: 5/7
  1366 | D:3      | Reached ** piety under Lugonu
  1505 | D:3      | Found a runed translucent gate.
  1507 | D:3      | Found a runed translucent gate.
  1508 | D:3      | Found a runed translucent gate.
  1509 | D:3      | Noticed shugdite's ghost (amateur MiMo)
  1509 | D:3      | Noticed Jaiteiro's ghost (amateur GrFi)
  1509 | D:3      | Noticed night's ghost (amateur SpTm)
  1845 | D:4      | Found a blossoming altar of Fedhas.
  1897 | D:4      | Gained mutation: You have a pair of small antennae on your
                  | head. [demonic ancestry]
  1897 | D:4      | Reached XP level 5. HP: 39/42 MP: 8/8
  2037 | D:4      | Found Kaevaw's Food Boutique.
  2064 | D:4      | Identified the +1 leather armour of Creativity {MR++ Int+3}
  2090 | D:4      | HP: 1/42 [orc wizard/magic dart (5)]
  2090 | D:4      | Slain by an orc wizard

Skill      XL: |  1  2  3  4 |
---------------+-------------+-----
Dodging        | 1 2 |  2.1
Invocations    | 3 4 |  4.9
Armour         | 2 |  2.7
Fighting       | |  3.7
Short Blades   | |  1.7

Action                   |  1- 3 |  4- 6 || total
-------------------------+-------+-------++-------
Melee: Short sword       |   123 |   106 ||   229
Invok: Depart the Abyss  |     1 |       ||     1
  Use: Scroll            |     4 |     5 ||     9
       Potion            |       |     1 ||     1
  Eat: Chunk             |     1 |     2 ||     3
       Ration            |       |     1 ||     1
Armor: Leather armour    |     3 |       ||     3
       Ring mail         |    47 |    21 ||    68
       Scale mail        |       |    23 ||    23
Dodge: Dodged            |    71 |    49 ||   120
